 Dungeon Crawl Stone Soup version 0.31-a0-988-g08d55dae12 (webtiles) character file.

Game seed: 13473463091777932534

436 Pixllover the Chopper (level 7, -27/91 HPs)
             Began as a Hill Orc Monk on Nov 5, 2023.
             Was a Believer of Jiyva.
             Killed by an exploding lemure (39 damage)
             ... ignited by their inner flame
             ... on level 4 of the Dungeon.
             The game lasted 00:07:57 (3151 turns).

Pixllover the Chopper (Hill Orc Monk)               Turns: 3151, Time: 00:07:58

Health: -27/91     AC: 23    Str: 16    XL:     7   Next: 1%
Magic:  7/7        EV:  2    Int: 10    God:    Jiyva [**....]
Gold:   126        SH:  0    Dex: 13    Spells: 6/6 levels left

rFire   . . .        a - +0 hand axe
rCold   . . .        d - orb {light}
rNeg    . . .        g - melded +1 chain mail
rPois   +            (helmet currently unavailable)
rElec   .            (cloak currently unavailable)
rCorr   +            n - melded +0 pair of gloves
SInv    .            (boots currently unavailable)
Will    .....        (no amulet)
Stlth   +            (no ring)
HPRegen 1.31/turn    (no ring)
MPRegen 0.40/turn

%: no passive effects
@: mighty, brilliant, lethally poisoned (-27 -> -33), tree-form, weak-willed,
attractive, enlightened, hasted, glowing, very quick
A: stationary, stasis, torment immunity, boosted hp
a: Renounce Religion


You were on level 4 of the Dungeon.
You worshipped Jiyva.
Jiyva was pleased with you.
You were a tree.
You visited 1 branch of the dungeon, and saw 4 of its levels.
You also visited: Sewer.

You collected 126 gold pieces.

Inventory:

Hand Weapons
 a - a +0 hand axe (weapon)
Armour
 d - an orb of light (worn)
 g - a +1 chain mail (melded)
 n - a +0 pair of gloves (melded)
Jewellery
 k - a +6 ring of intelligence
Wands
 r - a wand of digging (5)
 u - a wand of quicksilver (11)
Scrolls
 e - 5 scrolls of identify
 i - a scroll of summoning
 p - a scroll of enchant armour
Potions
 b - 2 potions of curing {unknown}
 f - a potion of haste
 h - 3 potions of might


   Skills:
 + Level 5.1 Fighting
 + Level 7.7 Axes
 + Level 3.2 Armour
 + Level 2.9 Dodging


You had 6 spell levels left.
You didn't know any spells.
Your spell library contained the following spells:

 Spells                   Type           Power      Damage    Failure   Level
 Summon Guardian Golem    Hex/Summ       0%         N/A       75%         3
 Orb of Destruction       Conj           0%         9d5       100%        7
 Spellforged Servitor     Conj/Summ      0%         N/A       100%        7


Dungeon Overview and Level Annotations

Branches:
Dungeon (4/15)              Sewer (visited)
 Temple: D:4-7

Altars:
Elyvilon
Uskayaw
Zin

Annotations:
D:4 Pikel


Message History

You feel clever all of a sudden. The gnoll hits you but does no damage.
You are engulfed in poison gas.
You are poisoned.
You feel very sick.
It was a potion of enlightenment.
You feel very buoyant.
You fly up into the air.
You are engulfed in poison gas.
You are more poisoned.
* * * LOW HITPOINT WARNING * * *
You feel very sick. The lemure barely misses you.
It was a potion of lignification.
You turn into a tree.
Your +0 pair of gloves melds into your body.
Your +1 chain mail melds into your body.
Your roots penetrate the ground.
You feel very sick.
It was a potion of attraction.
You feel attractive to monsters.
You feel very sick. The lemure hits you but does no damage.
The ogre is attracted toward you. The dart slug is attracted toward you.
You hit the lemure.
Flame seeps out of the lemure.
The lemure is moderately wounded.
You hit the ogre.
Flame seeps out of the ogre.
You feel very sick.
The lemure is engulfed in blazing flames.
Flame seeps out of the lemure.
The lemure hits you but does no damage. The dart slug is attracted toward you.
You hit the lemure.
Flame seeps out of the lemure.
The lemure is almost dead.
You slash the ogre!
Flame seeps out of the ogre.
You feel sick.
The ogre is engulfed in poison gas.
The ogre is poisoned.
Flame seeps out of the ogre.
The ogre hits you but does no damage.
The dart slug is engulfed in poison gas.
The dart slug is poisoned.
The dart slug is attracted toward you.
You slash the lemure!
That felt strangely unrewarding.
You barely miss the ogre.
The lemure explodes!
The fiery explosion engulfs the ogre!!
The fiery explosion engulfs you!!!
You die...

.................#_#
##...............8.#
#..................
########...........
#........8.#
#..§.....#_#
.###########°☼°.....#
.☼°○§○○§○g☼§§§°........
.§§☼°§○♣°K5§§§§........
.°§§○§°§☼5.○°°§........
.°§§○§w☼○§§§☼☼°........
.☼§°§☼☼§○☼☼§○☼§........
.§§○☼§○○°§§§§#########
.○○§§§§§§§○☼§# .
.#°°§☼§§###### ##
#§.☼§§§#


You could see Pikel (inner flame, weak-willed), 2 lemures, a gnoll (inner flame,
weak-willed) and a dart slug (poisoned, weak-willed).

Vanquished Creatures
  Eustachio (D:4)
  An ogre (D:4)
  A lemure (D:4)
  A jelly (Sewer)
  5 gnolls
  12 adders
  2 river rats (Sewer)
  2 worms
  An orc (D:3)
  10 endoplasms
  10 giant cockroaches
  6 hobgoblins
  7 jackals
  2 quokkas
  6 ball pythons
  4 bats
  5 frilled lizards
  8 goblins
  5 kobolds
  11 rats
100 creatures vanquished.

Vanquished Creatures (others)
  A lemure (D:4)
  2 endoplasms (D:4)
3 creatures vanquished.

Grand Total: 103 creatures vanquished

Notes
Turn   | Place    | Note
-------+----------+-------------------------------------------
     0 | D:1      | Pixllover the Hill Orc Monk began the quest for the Orb.
     0 | D:1      | Reached XP level 1. HP: 19/19 MP: 1/1
   116 | D:1      | Reached XP level 2. HP: 17/27 MP: 2/2
   592 | D:1      | Reached XP level 3. HP: 26/33 MP: 3/3
   754 | D:2      | Reached skill level 5 in Axes
  1242 | D:2      | Found a glowing silver altar of Zin.
  1287 | D:2      | Reached XP level 4. HP: 36/40 MP: 4/4
  1658 | D:3      | Reached skill level 1 in Armour
  1732 | D:3      | Reached skill level 6 in Axes
  1908 | D:3      | Reached XP level 5. HP: 47/47 MP: 5/5
  2025 | D:3      | Identified the +5 ring mail of Midnight {-Tele rPois rF+}
  2417 | D:4      | Found a glowing drain.
  2472 | Sewer    | Entered a sewer
  2706 | Sewer    | Reached XP level 6. HP: 52/53 MP: 6/6
  2765 | Sewer    | Reached skill level 7 in Axes
  2820 | Sewer    | Found a viscous altar of Jiyva.
  2850 | Sewer    | Became a worshipper of Jiyva Jizaeb the Shapeless
  2850 | Sewer    | Reached * piety under Jiyva
  2850 | Sewer    | Reached ** piety under Jiyva
  2953 | D:4      | Noticed Eustachio
  2987 | D:4      | Killed Eustachio
  2988 | D:4      | Reached skill level 5 in Fighting
  3029 | D:4      | Reached XP level 7. HP: 55/61 MP: 7/7
  3117 | D:4      | Found a white marble altar of Elyvilon.
  3117 | D:4      | Noticed Pikel
  3118 | D:4      | Found a hide-covered altar of Uskayaw.
  3151 | D:4      | Killed by an exploding lemure... ignited by their inner
                  | flame

Illustrated notes

Levels and vault maps discovered:
D:1:      amcnicky_arrival_flooded_fountain, layout_basic
D:2:      layout_basic, basic_altar, grunt_ministairs_15
D:3:      layout_loops_ring
D:4:      layout_basic, minitemple, gup_sewer_entry_glass, uniq_eustachio,
          uniq_pikel

Skill      XL: |  1  2  3  4  5  6 |
---------------+-------------------+-----
Fighting       | 4 5 |  5.1
Axes           | 5 6 7 |  7.7
Armour         | 1 2 3 |  3.2
Dodging        | |  2.9

Action                     |  1- 3 |  4- 6 |  7- 9 || total
---------------------------+-------+-------+-------++-------
  Melee: Hand axe          |   146 |   206 |    10 ||   362
    Use: Scroll            |       |     1 |     4 ||     5
         Potion            |       |       |     7 ||     7
 Armour: Robe              |    12 |       |       ||    12
         Chain mail        |   100 |   220 |    45 ||   365
         Skin              |       |       |     4 ||     4
  Dodge: Dodged            |    63 |   111 |    22 ||   196

Table legend: (Time is in decaauts)
 A = Elapsed time spent in this place.
 B = Non-inter-level travel time spent in this place.
 C = Inter-level travel time spent in this place.
 D = Time resting spent in this place.
 E = Time spent auto-exploring this place.
 F = Levels seen in this place.
 G = Mean time per level.
                   A        B        C        D        E       F      G
               +--------+--------+--------+--------+--------+-----+--------+
         Total |   3190 |   3119 |     71 |    235 |   1743 |   5 |  638.0 |
       Dungeon |   2729 |   2658 |     71 |    110 |   1664 |   4 |  682.2 |
         Sewer |    460 |    460 |      0 |    125 |     79 |   1 |  460.0 |
               +--------+--------+--------+--------+--------+-----+--------+

Top non-repeatable levels by time:
     D:3: 952 daAuts
     D:2: 724 daAuts
     D:1: 723 daAuts
   Sewer: 460 daAuts
     D:4: 329 daAuts
